 Dungeon Crawl Stone Soup version 0.20.0-8-g6b59dc7 (webtiles) character file.

373 vatarom the Zephyrmancer (level 6, -4/32 HPs)
             Began as a Tengu Air Elementalist on June 2, 2017.
             Slain by an ogre
             ... wielding a +0 giant club
              (10 damage)
             ... on level 4 of the Dungeon.
             The game lasted 00:13:42 (4082 turns).

vatarom the Zephyrmancer (Tengu Air Elementalist)   Turns: 4082, Time: 00:13:43

Health: -4/32      AC:  5    Str:  6 (8)  XL:     6   Next: 71%
Magic:  10/10      EV: 13    Int: 17      God:
Gold:   236        SH:  0    Dex: 18 (20) Spells: 3/9 levels left

rFire    . . .     SeeInvis .   r - -1 quarterstaff (curse)
rCold    . . .     Gourm    .   (shield currently unavailable)
rNeg     . . .     Faith    +   a - +2 robe
rPois    .         Spirit   .   (helmet restricted)
rElec    .         Reflect  .   (no cloak)
rCorr    .         Harm     .   p - +0 pair of gloves
MR       .....                  (boots unavailable)
Stlth    ++........             l - amulet of faith
Regen    0.1/turn               h - +5 ring of dexterity
MPRegen  0.2/turn               (no ring)

@: no status effects
A: beak, talons 3, able to fly 1
a: Fly


You were on level 4 of the Dungeon.
You were not hungry.

You visited 1 branch of the dungeon, and saw 5 of its levels.

You collected 236 gold pieces.

Inventory:

Hand Weapons
 d - a +1 dagger
 r - a cursed -1 quarterstaff (weapon)
Armour
 a - a +2 robe (worn)
 p - a +0 pair of gloves (worn)
Jewellery
 h - a +5 ring of dexterity (left hand)
 i - a +4 ring of dexterity
 l - an amulet of faith (around neck)
Scrolls
 m - 3 scrolls of identify
 o - 2 scrolls of enchant armour
Potions
 e - a potion of heal wounds
 g - a potion of haste
 j - a potion of curing
 n - a potion of lignification
 q - a potion of degeneration
Books
 b - a book of Air

   Spells                             Type                      Level
   a - Shock                          Conjuration/Air              1
   b - Swiftness                      Charms/Air                   2
   c - Static Discharge               Conjuration/Air              3
   d - Airstrike                      Air                          4
   e - Lightning Bolt                 Conjuration/Air              5
Comestibles
 c - 2 bread rations
 f - 4 fruits
 k - 2 royal jellies


   Skills:
 - Level 2.1 Dodging
 - Level 2.0 Stealth
 - Level 2.0 Spellcasting
 - Level 4.1 Conjurations
 + Level 8.7 Air Magic


You had 3 spell levels left.
You knew the following spells:

 Your Spells              Type           Power        Failure   Level  Hunger
a - Shock                 Conj/Air       ###.         1%          1    #......
b - Swiftness             Chrm/Air       ###.....     4%          2    ###....
c - Static Discharge      Conj/Air       ###.....     4%          3    ###....


Dungeon Overview and Level Annotations

Branches:
Dungeon (5/15)
 Temple: D:4-7

Altars:
Trog
Yredelemnul


Innate Abilities, Weirdness & Mutations

You have a beak for a mouth.
You have claws for feet.
You can fly.


Message History

2 killer bees come into view.
There is a stone staircase leading up here.
You climb upwards.
The ogre closely misses you. The ogre hits you with a giant club!
Ouch! That really hurt!
There is a stone staircase leading down, spattered with blood here.
Unknown command.
Okay, then.
Casting: Shock
Confirm with . or Enter, or press ? or * to list all spells.
Okay, then.
Okay, then.
As you read the scroll labeled UHIMIC QOSADOD, it crumbles to dust.
It is a scroll of recharging.
You aren't carrying any rechargeable items.
The ogre hits you with a giant club!
* * * LOW HITPOINT WARNING * * *
The ogre closely misses you. The ogre hits you with a giant club!
You die...

#...............##
##..........#....###
#...#.....#.......#
#...#######....##..
##...# #....####.
#...# ##...## ##
#...####....#
#....##..>.##
#@...##...##
#.O......##
#.O......#
#.......## #.......#
#..a...## #.....##
#.....# #....##


You could see 2 ogres and a worker ant.

Vanquished Creatures
  A sky beast (D:5)
  A bullfrog (D:3)
  A scorpion (D:4)
  A crimson imp (D:5)
  A centaur skeleton (D:5)
  A worker ant (D:5)
  An ooze (D:3)
  An adder skeleton (D:4)
  2 worms
  2 dart slugs (D:2)
  4 leopard geckos
  6 orcs
  6 bats
  6 giant cockroaches
  3 goblins
  4 hobgoblins
  4 jackals (D:2)
  4 frilled lizards
  6 kobolds
  4 rats
59 creatures vanquished.

Notes
Turn   | Place    | Note
-------+----------+-------------------------------------------
     0 | D:1      | vatarom the Tengu Air Elementalist began the quest for the Orb.
     0 | D:1      | Reached XP level 1. HP: 10/10 MP: 4/4
   205 | D:1      | Reached XP level 2. HP: 15/15 MP: 4/6
   513 | D:1      | Learned a level 2 spell: Swiftness
  1080 | D:2      | Reached XP level 3. HP: 19/19 MP: 2/7
  1409 | D:2      | Learned a level 3 spell: Static Discharge
  1779 | D:3      | Noticed a bullfrog
  1978 | D:3      | Killed a bullfrog
  1978 | D:3      | Reached skill level 5 in Air Magic
  1978 | D:3      | Reached XP level 4. HP: 18/24 MP: 0/8
  2054 | D:3      | Found a basalt altar of Yredelemnul.
  2200 | D:3      | Reached skill level 6 in Air Magic
  2200 | D:3      | Gained mutation: You can fly. [Tengu growth]
  2200 | D:3      | Reached XP level 5. HP: 28/28 MP: 6/9
  2212 | D:3      | Found a bloodstained altar of Trog.
  2597 | D:4      | Noticed an ogre
  3356 | D:4      | Reached skill level 7 in Air Magic
  3601 | D:4      | Noticed an ogre
  3642 | D:5      | Entered Level 5 of the Dungeon
  3790 | D:5      | Noticed a sky beast
  3830 | D:5      | HP: 1/28 [sky beast (6)]
  3833 | D:5      | Killed a sky beast
  3833 | D:5      | Reached skill level 8 in Air Magic
  3833 | D:5      | Reached XP level 6. HP: 18/32 MP: 5/10
  4082 | D:4      | Slain by an ogre

Skill      XL: |  1  2  3  4  5 |
---------------+----------------+-----
Conjurations   | 2 3 4 |  4.1
Air Magic      | 5 6 8 |  8.7
Dodging        | |  2.1
Stealth        | |  2.0
Spellcasting   | |  2.0

Action                   |  1- 3 |  4- 6 || total
-------------------------+-------+-------++-------
Melee: Unarmed           |     5 |       ||     5
       Kick              |     1 |    10 ||    11
       Dagger            |     6 |    32 ||    38
       Peck              |     2 |     4 ||     6
       Quarterstaff      |       |    30 ||    30
 Cast: Shock             |    68 |    89 ||   157
       Static Discharge  |     1 |     5 ||     6
       Swiftness         |     1 |       ||     1
  Use: Scroll            |     7 |     3 ||    10
       Potion            |     5 |     6 ||    11
  Eat: Chunk             |     4 |     1 ||     5
       Bread ration      |       |     2 ||     2
Armor: Robe              |     6 |     9 ||    15
       Skin              |       |    23 ||    23
Dodge: Dodged            |    19 |    56 ||    75
